 Dungeon Crawl Stone Soup version 0.28-a0-1033-g1a2f33fa85 (webtiles) character file.

Game seed: 13793288938761098338

5473 ragingrage the Severer (level 10, -5/73 (74) HPs)
             Began as a Palentonga Fighter on Dec 7, 2021.
             Was a Follower of Okawaru.
             Slain by a death yak (22 damage)
             ... on level 9 of the Dungeon.
             The game lasted 00:09:09 (11330 turns).

ragingrage the Severer (Palentonga Fighter)        Turns: 11330, Time: 00:09:10

HP:   -5/73 (74)    AC: 16    Str: 20    XL:     10   Next: 42%
MP:   10/10         EV: 12    Int: 11    God:    Okawaru [*.....]
Gold: 183           SH:  4    Dex: 13    Spells: 9/9 levels left

rFire   . . .      SeeInvis +   d - +1 war axe (distort)
rCold   + . .      Faith    .   c - +0 buckler
rNeg    . . .      Spirit   .   q - +3 ring mail
rPois   .          Reflect  .   (no helmet)
rElec   .          Harm     .   (no cloak)
rCorr   .          Rampage  .   (no gloves)
Will    .....      Rage     1%  (no barding)
Stlth   +.........              (no amulet)
HPRegen 0.22/turn               j - ring of protection from cold
MPRegen 0.12/turn               E - +4 ring of evasion

@: brilliant, slowed, lightly drained, curled up, very slow
A: large, rugged brown scales 3, see invisible, deformed body, roll 1, armoured
tail, reflexive curl, berserk 1, clever 1
a: Rolling Charge, Renounce Religion, Heroism


You were on level 9 of the Dungeon.
You worshipped Okawaru.
Okawaru was aware of your devotion.
You visited 2 branches of the dungeon, and saw 10 of its levels.
You also visited: Ossuary.

You collected 417 gold pieces.
You spent 234 gold pieces at shops.

Inventory:

Hand Weapons
 d - a +1 war axe of distortion (weapon)
 y - the +4 broad axe of the Thing {pain, MP+9 Str+4 Int+3}
   (You bought it in a shop on level 5 of the Dungeon)

   In the hands of one skilled in necromantic magic, it inflicts extra damage on
   living creatures.
   Str:       It affects your strength (+4).
   Int:       It affects your intelligence (+3).
   MP:        It affects your magic capacity (+9).
Missiles
 o - 43 poisoned darts (quivered)
 B - a curare-tipped dart
 C - 2 throwing nets
 F - 3 datura-tipped darts
Armour
 c - a +0 buckler (worn)
 q - a +3 ring mail (worn)
Jewellery
 j - a ring of protection from cold (left hand)
 E - a +4 ring of evasion (right hand)
Wands
 g - a wand of flame (19)
Scrolls
 a - a scroll of acquirement {unknown}
 b - 2 scrolls of enchant armour {unknown}
 e - 3 scrolls of teleportation {unknown}
 i - 10 scrolls of identify {unknown}
 k - 3 scrolls of vulnerability {unknown}
 l - a scroll of enchant weapon {unknown}
 m - 3 scrolls of magic mapping {unknown}
 n - 4 scrolls of immolation {unknown}
 p - 2 scrolls of fear {unknown}
 r - a scroll of amnesia {unknown}
 x - 3 scrolls of blinking {unknown}
Potions
 f - a potion of flight
 h - a potion of mutation
 s - 2 potions of brilliance
 t - 2 potions of curing
 u - a potion of cancellation {unknown}
 v - a potion of haste {unknown}
 w - 2 potions of berserk rage {unknown}
 z - 2 potions of invisibility {unknown}
 A - a potion of attraction {unknown}
 D - a potion of degeneration {unknown}
 G - a potion of ambrosia {unknown}


   Skills:
 - Level 3.0 Fighting
 * Level 15.4 Axes
 - Level 2.4 Armour
 - Level 2.4 Shields


You had 9 spell levels left.
You didn't know any spells.
Your spell library contained the following spells:

 Spells                   Type           Power      Damage    Failure   Level
 Shock                    Conj/Air       0%         1d3       52%         1
 Slow                     Hex            0%         N/A       52%         1
 Confusing Touch          Hex            0%         N/A       87%         3
 Swiftness                Air            0%         N/A       87%         3
 Airstrike                Air            0%         N/A       99%         4
 Cause Fear               Hex            0%         N/A       99%         4
 Yara's Violent Unravell  Hex/Tmut       0%         3d3       100%        5
 Dragon Form              Tmut           0%         N/A       100%        7
 Dragon's Call            Summ           Unusable   N/A       N/A         9

Dungeon Overview and Level Annotations

Branches:
Dungeon (9/15)             Temple (1/1) D:5             Orc (0/2) D:9
Ossuary (visited)
   Lair: D:8-11

Altars:
Ashenzari
Cheibriados
Dithmenos
Fedhas
Gozag
Hepliaklqana
Makhleb
Okawaru
Qazlal
Ru
Sif Muna
Trog
Uskayaw
Vehumet
Wu Jian
Xom
Yredelemnul
Zin
The Shining One
Beogh

Shops:
D:2 =   D:4 :   D:5 (   D:8 [

Annotations:
D:3 1 runed translucent door
D:7 2 transporters, Dvallin's ghost, novice KoFi
D:8 3 runed translucent doors, exclusion: downstairs, CurlyBrace's ghost, novice DjWr


Innate Abilities, Weirdness & Mutations

You are completely covered in rugged brown scales. (AC +3, +7% HP)
You have supernaturally acute eyesight. (SInv)
Armour fits poorly on your strangely shaped body.
You can roll at nearby foes to attack.
You have a long armoured tail.
You curl defensively after being hit. (AC +7*)
You tend to lose your temper in combat.
Your mind is acute. (Int +2)


Message History

You are more poisoned.
You have difficulty breathing.
You feel yourself slow down.
You feel very sick.
A hell rat comes into view.
You feel very sick.
You feel sick.
The kobold brigand throws a curare-tipped dart.
You block the curare-tipped dart.
You feel sick.
You feel sick.
The kobold brigand throws a curare-tipped dart.
The curare-tipped dart hits you.
You are more poisoned.
You have difficulty breathing.
You feel as though you will be slow longer.
You feel very sick.
You feel very sick.
The hell rat roars deafeningly!
You feel very sick.
You feel sick.
You see here a +0 short sword.
You feel sick. The death yak gores you!
* * * LOW HITPOINT WARNING * * *
You feel sick.
You feel sick.
You are no longer poisoned.
The death yak gores you!
* * * LOW HITPOINT WARNING * * *
Things that are here:
a +0 battleaxe; a +0 plate armour; an orc corpse The death yak misses you.
You see here a +0 club.
You feel better.
The death yak gores you but does no damage.
The death yak barely misses you.
You see here a +0 mace.
It was a potion of brilliance.
You feel clever all of a sudden. The death yak barely misses you.
The death yak gores you!!
You die...

#.# #oc.<.h.#
#r#####################
#.KY..Y.K...........
...#.####.#...########
...#.# #.#Y.).......
...#.# #.##(.####...
...#.####.##..# #####
...#.##...###K####......
...#.##...'.).YY@.#
..[.......###))##.#
..................##.
.......###.#.........
####.### #.#.........
#.# ###..#.### #.#
#....#.# #.# .....#.#
#.# #.##...#


You could see 2 death yaks and a kobold brigand.

Vanquished Creatures
  Pikel (D:4)
  A queen bee (D:8)
  Sigmund (D:4)
  3 vampire mosquitoes (D:7)
  Edmund (D:4)
  4 orc warriors
  A necrophage (D:6)
  An ogre (D:6)
  A black bear (D:6)
  2 centaurs
  A phantom (D:3)
  2 lemures (D:4)
  An elf zombie (Ossuary)
  A kobold brigand (D:6)
  4 bullfrogs
  3 gnoll sergeants
  3 scorpions
  A wyvern zombie (D:5)
  10 killer bees
  4 wights (D:8)
  5 howler monkeys
  A bullfrog skeleton (D:4)
  3 centaur zombies
  3 human zombies (Ossuary)
  4 orc priests
  5 hounds
  A hell rat (D:9)
  4 iguanas
  Natasha (D:4)
  3 orc wizards
  A killer bee zombie (D:5)
  4 hound zombies
  3 mummies (Ossuary)
  A howler monkey zombie (D:9)
  13 gnolls
  A howler monkey skeleton (D:7)
  6 adders
  A shadow imp (D:4)
  2 adder zombies (Ossuary)
  An adder skeleton (D:4)
  A worm (D:2)
  A dart slug (D:3)
  27 orcs
  8 endoplasms
  3 giant cockroaches
  A gnoll zombie (Ossuary)
  11 goblins
  3 hobgoblins
  6 jackals (D:2)
  11 kobolds
  2 quokkas
  9 ball pythons
  5 bats (D:2)
  2 frilled lizards (D:1)
  6 goblin zombies
  2 hobgoblin zombies (Ossuary)
  3 jackal zombies (Ossuary)
  4 kobold zombies (Ossuary)
  3 orc zombies (Ossuary)
  5 rats
  5 rat zombies (Ossuary)
227 creatures vanquished.

Vanquished Creatures (others)
  24 plants (D:8)
24 creatures vanquished.

Grand Total: 251 creatures vanquished

Notes
Turn   | Place    | Note
-------+----------+-------------------------------------------
     0 | D:1      | ragingrage the Palentonga Fighter began the quest for the
                  | Orb.
     0 | D:1      | Reached XP level 1. HP: 19/19 MP: 1/1
   243 | D:1      | Reached XP level 2. HP: 18/25 MP: 2/2
   439 | D:1      | Reached skill level 3 in Axes
  1013 | D:2      | Reached XP level 3. HP: 27/31 MP: 3/3
  1278 | D:2      | Found a basalt altar of Yredelemnul.
  1289 | D:2      | Reached skill level 4 in Axes
  1344 | D:2      | Found Rimufiss's Jewellery Shop.
  2051 | D:3      | Reached XP level 4. HP: 37/37 MP: 4/4
  2387 | D:4      | Found Wooluwna's Book Shop.
  2417 | D:4      | Reached skill level 5 in Axes
  2417 | D:4      | Reached XP level 5. HP: 20/43 MP: 5/5
  2633 | D:4      | Found a hide-covered altar of Uskayaw.
  2650 | D:4      | Noticed Edmund
  2759 | D:3      | Noticed a human
  2763 | D:3      | Found a runed translucent door.
  2765 | D:3      | Found a basalt altar of Yredelemnul.
  3092 | D:3      | Found a faded altar of an unknown god.
  3135 | D:3      | Noticed a phantom
  3148 | D:3      | Killed a phantom
  3149 | D:3      | Reached skill level 6 in Axes
  3284 | D:3      | Reached XP level 6. HP: 49/50 MP: 6/6
  3330 | D:3      | Found an ornate altar of the Wu Jian Council.
  3920 | D:4      | Noticed Natasha
  3922 | D:4      | Killed Natasha
  3957 | D:4      | Noticed Pikel
  3966 | D:4      | Reached skill level 7 in Axes
  3984 | D:4      | Gained mutation: You tend to lose your temper in combat.
                  | [potion of mutation]
  3984 | D:4      | Gained mutation: Your mind is acute. (Int +2) [potion of
                  | mutation]
  4004 | D:4      | Killed Pikel
  4005 | D:4      | Reached skill level 9 in Axes
  4005 | D:4      | Gained mutation: You curl defensively after being hit. (AC
                  | +7*) [Palentonga growth]
  4005 | D:4      | Reached XP level 7. HP: 10/55 MP: 7/7
  4440 | D:4      | Noticed Sigmund
  4478 | D:4      | Killed Sigmund
  4479 | D:4      | Reached XP level 8. HP: 62/62 MP: 8/8
  4545 | D:4      | Killed Edmund
  4546 | D:4      | Reached skill level 10 in Axes
  4958 | D:5      | Entered Level 5 of the Dungeon
  5081 | D:5      | Found a staircase to the Ecumenical Temple.
  5102 | Temple   | Entered the Ecumenical Temple
  5532 | D:5      | Found a sand-covered staircase.
  5542 | D:5      | Reached skill level 11 in Axes
  5545 | Ossuary  | Entered an ossuary
  6057 | D:5      | Reached XP level 9. HP: 63/67 MP: 9/9
  6181 | D:5      | Reached skill level 12 in Axes
  6645 | D:5      | Found Puuhuod's Antique Weapon Emporium.
  6655 | D:5      | Bought a brightly glowing broad axe for 234 gold pieces
  6655 | D:5      | Identified the +4 broad axe of the Thing {pain, MP+9 Str+4
                  | Int+3} (You bought it in a shop on level 5 of the Dungeon)
  7051 | D:6      | Found a radiant altar of Vehumet.
  8043 | D:7      | Reached skill level 13 in Axes
  8167 | D:7      | Found a transporter.
  8168 | D:7      | Found a transporter.
  8168 | D:7      | Noticed Dvallin's ghost (novice KoFi)
  8172 | D:7      | Identified the +8 dire flail of Scorn {vorpal, Will- Int+5}
  8172 | D:7      | Identified the +5 great mace "Grum" {vorpal, rPois rN+++
                  | Int+4 Stlth-}
  8172 | D:7      | Noticed a two-headed ogre
  8815 | D:8      | Reached skill level 14 in Axes
  8944 | D:8      | Found Ragoh's Antique Armour Shoppe.
  9053 | D:8      | Found a burning altar of Makhleb.
  9064 | D:8      | Found an iron altar of Okawaru.
  9178 | D:8      | Became a worshipper of Warmaster Okawaru
  9458 | D:7      | Reached XP level 10. HP: 36/74 MP: 10/10
 10035 | D:8      | Found a runed translucent gate.
 10036 | D:8      | Found a runed translucent gate.
 10036 | D:8      | Identified the +8 plate armour "Kiecumaolo" {rC- Int+6}
 10036 | D:8      | Noticed CurlyBrace's ghost (novice DjWr)
 10037 | D:8      | Found a runed translucent gate.
 10518 | D:9      | Found a staircase to the Orcish Mines.
 10853 | D:9      | Reached skill level 15 in Axes
 10909 | D:9      | Reached * piety under Okawaru
 11304 | D:9      | Noticed a death yak
 11305 | D:9      | Noticed a death yak
 11305 | D:9      | Noticed a death yak
 11330 | D:9      | Slain by a death yak

Illustrated notes

Levels and vault maps discovered:
D:1:      dpeg_arrival_shelter, layout_basic, st_stairs_11
D:2:      layout_basic, serial_shops, shop, basic_altar, st_stairs_3
D:3:      layout_loops_ring, dk_yredelemnul_ordeal,
          nicolae_wu_jian_immortal_techniques, shapermc_ecumenical_altar_pompeii
D:4:      layout_basic, nicolae_uskayaw_dance_hall, gup_sewer_entry_glass,
          st_stairs_6, kennysheep_windowed_goal, uniq_edmund, uniq_pikel,
          uniq_natasha, uniq_sigmund
D:5:      layout_basic, minmay_temple_entry_water_ring, serial_shops,
          kennysheep_mini_moat, enter_ossuary_4, serial_co_window_serial,
          co_window_paths_a, co_window_paths_a, co_window_paths_a,
          co_window_paths_a, co_window_paths_b, co_window_of_opportunity_b,
          co_window_corner_cb, co_window_paths_c, co_window_4corner_a,
          glass_columns_a, glass_columns_c, glass_columns_a, glass_columns_a,
          glass_columns_a
D:6:      layout_layer_cave, fiery_altar_vehumet
D:7:      layout_rooms, gammafunk_ghost_smash
D:8:      layout_gridville, mainiacjoe_overflow_tiny_flanked,
          mainiacjoe_overflow_boulevard, biasface_ghost_orc_armoury,
          serial_shops, nicolae_shop_behind_doors, nicolae_looking_at_the_future
D:9:      minmay_s_stair_smasher, layout_basic, dpeg_lair_monsters, david_orc_5,
          serial_shops, shop, kennysheep_generic_room_7
Temple:   oiseaux_autumnal_temple

Skill      XL: |  1  2  3  4  5  6  7  8  9 10 |
---------------+-------------------------------+-----
Axes           | 3 4 5 6 9 11 14 15 | 15.4
Fighting       | |  3.0
Armour         | |  2.4
Shields        | |  2.4

Action                   |  1- 3 |  4- 6 |  7- 9 | 10-12 || total
-------------------------+-------+-------+-------+-------++-------
Melee: War axe           |    36 |   118 |   271 |   116 ||   541
       Tailslap          |    10 |    17 |    32 |    14 ||    73
       Dagger            |    77 |    19 |       |       ||    96
Throw: Dart              |       |       |       |     1 ||     1
 Abil: Rolling Charge    |     4 |     5 |    12 |     5 ||    26
Evoke: Wand              |       |       |     1 |       ||     1
  Use: Potion            |       |     2 |     2 |     3 ||     7
Armor: Scale mail        |    17 |       |       |       ||    17
       Plate armour      |    75 |    40 |       |       ||   115
       Ring mail         |       |    22 |    93 |    29 ||   144
Dodge: Dodged            |    27 |    28 |   107 |    54 ||   216
Block: Buckler           |    23 |    22 |    45 |    19 ||   109

Table legend: (Time is in decaauts)
 A = Elapsed time spent in this place.
 B = Non-inter-level travel time spent in this place.
 C = Inter-level travel time spent in this place.
 D = Time resting spent in this place.
 E = Time spent auto-exploring this place.
 F = Levels seen in this place.
 G = Mean time per level.
                   A        B        C        D        E       F      G
               +--------+--------+--------+--------+--------+-----+--------+
         Total |  11385 |  10915 |    470 |   2060 |   7253 |  11 | 1035.0 |
       Dungeon |  10578 |  10141 |    437 |   1951 |   6736 |   9 | 1175.3 |
        Temple |    302 |    269 |     33 |      0 |    255 |   1 |  302.0 |
       Ossuary |    504 |    504 |      0 |    109 |    261 |   1 |  504.0 |
               +--------+--------+--------+--------+--------+-----+--------+

Top non-repeatable levels by time:
     D:4: 1806 daAuts
     D:8: 1614 daAuts
     D:7: 1289 daAuts
     D:3: 1177 daAuts
     D:6: 1124 daAuts
     D:2: 1117 daAuts
     D:5: 969 daAuts
     D:1: 917 daAuts
     D:9: 561 daAuts
 Ossuary: 504 daAuts
  Temple: 302 daAuts
